AoeStats
← Starcrazy360

Arena

509281607Analyzed
4v4 RM · 8d ago on Sep 26, 2026· 59m 59s· 8 players
Game mode
Random Map
Map size
Large (8 player)
Population
200
Speed
Normal
Resources
Standard
Victory
Conquest
Starting age
Dark Age
Ending age
Imperial Age
RankedLock teamsTeams togetherTeam positionsShared explorationLock speedFull tech treeHidden civsTurbo modeCheats
Victory
Defeat
1044
+14
🇨🇦 Teutons · Canada
1038
+14
🇮🇹 Celts · Italy
1000
+16
🇲🇽 Turks · Mexico
962
+17
🇲🇽 Italians · Mexico
1034
-16
🇲🇽 Turks · Mexico
1005
-16
🇲🇽 Teutons · Mexico
995
-15
🇲🇽 Persians · Mexico
964
-14
Starcrazy360
8:37 Feudal Age
9:02 Double-Bit Axe
16:42 Castle Age
26:24 Bloodlines
35:29 Husbandry
41:44 Imperial Age
42:09 Forging
42:22 Scale Barding Armor
41:51 Cavalier
44:07 Chain Barding Armor
44:34 Iron Casting
46:43 Plate Barding Armor
46:33 Gold Mining
47:55 Blast Furnace
thegladiator989
10:31 Feudal Age
12:39 Wheelbarrow
11:49 Loom
15:44 Castle Age
13:41 Horse Collar
14:42 Double-Bit Axe
18:13 Fervor
18:19 Heavy Plow
22:36 Sanctity
27:58 Fletching
28:09 Padded Archer Armor
28:19 Forging
28:10 Scale Mail Armor
28:43 Bodkin Arrow
28:41 Gambesons
28:35 Pikeman
29:42 Masonry
32:58 Imperial Age
31:01 Bloodlines
30:14 Elite Skirmisher
30:58 Squires
31:39 Leather Archer Armor
32:00 Iron Casting
31:30 Scale Barding Armor
31:59 Hand Cart
31:35 Town Watch
32:07 Chain Mail Armor
32:08 Fortified Wall
32:19 Ballistics
34:01 Crenellations
34:22 Theocracy
34:13 Illumination
34:03 Block Printing
34:46 Hoardings
33:45 Halberdier
36:12 Conscription
35:18 Cavalier
37:41 Gold Mining
37:42 Stone Mining
37:14 Paladin
39:40 Chain Barding Armor
39:51 Plate Mail Armor
39:52 Ring Archer Armor
39:55 Coinage
40:34 Stone Shaft Mining
42:41 Blast Furnace
47:01 Plate Barding Armor
46:55 Ironclad
47:36 Banking
48:08 Crop Rotation
49:14 Town Patrol
49:08 Arson
50:27 Chemistry
49:33 Siege Engineers
49:58 Sappers
50:52 Bow Saw
50:48 Caravan
53:48 Two-Man Saw
53:29 Elite Teutonic Knight
infernal_AK
12:54 Feudal Age
16:55 Castle Age
15:28 Double-Bit Axe
16:11 Horse Collar
20:00 Wheelbarrow
27:03 Bow Saw
31:45 Pikeman
32:45 Hand Cart
39:02 Imperial Age
41:36 Gold Mining
41:36 Stone Mining
41:53 Onager
43:02 Siege Engineers
43:11 Halberdier
44:05 Forging
43:56 Scale Mail Armor
43:47 Arson
45:34 Siege Onager
46:38 Conscription
47:19 Furor Celtica
49:00 Ballistics
49:20 Iron Casting
49:00 Chain Mail Armor
55:03 Caravan
60:28 Blast Furnace
59:58 Plate Mail Armor
一刀九千九百九十九
10:38 Feudal Age
14:35 Castle Age
13:29 Double-Bit Axe
14:43 Loom
15:16 Loom
15:44 Bow Saw
17:58 Gold Mining
22:54 Gold Shaft Mining
23:54 Wheelbarrow
24:44 Husbandry
25:47 Hand Cart
25:18 Town Watch
30:07 Imperial Age
27:22 Light Cavalry
28:24 Stone Mining
28:41 Scale Barding Armor
28:27 Fletching
28:48 Forging
28:25 Town Watch
30:11 Town Patrol
30:41 Chain Barding Armor
30:31 Cavalier
33:59 Plate Barding Armor
34:00 Iron Casting
33:20 Treadmill Crane
34:42 Chemistry
34:28 Paladin
36:47 Bodkin Arrow
37:53 Blast Furnace
37:18 Ballistics
36:54 Murder Holes
36:56 Guard Tower
36:50 Elite Skirmisher
50:43 Coinage
53:28 Caravan
57:36 Banking
jamesonana
8:44 Loom
11:02 Feudal Age
17:08 Castle Age
15:39 Double-Bit Axe
15:37 Horse Collar
19:17 Heavy Plow
19:33 Bow Saw
30:10 Imperial Age
32:08 Chemistry
32:02 Wheelbarrow
31:59 Fletching
32:11 Town Watch
33:44 Bodkin Arrow
33:51 Padded Archer Armor
34:01 Thumb Ring
40:49 Bracer
41:05 Leather Archer Armor
41:57 Ballistics
42:47 Conscription
44:57 Masonry
45:48 Elite Genoese Crossbowman
50:17 Architecture
52:12 Silk Road
52:16 Caravan
56:51 Hand Cart
miguel.athien
9:52 Feudal Age
10:11 Double-Bit Axe
17:28 Castle Age
15:57 Horse Collar
16:11 Stone Mining
16:43 Loom
17:45 Wheelbarrow
19:27 Stone Shaft Mining
19:14 Bow Saw
20:41 Gold Mining
20:17 Pikeman
23:28 Light Cavalry
24:12 Husbandry
24:23 Bloodlines
25:12 Hand Cart
33:30 Scale Barding Armor
33:36 Forging
36:18 Arson
36:34 Squires
36:19 Gambesons
36:57 Chain Barding Armor
37:13 Iron Casting
41:01 Imperial Age
40:00 Kamandaran
42:42 Gold Shaft Mining
49:29 Elite Skirmisher
49:44 Halberdier
51:30 Crossbowman
52:16 Thumb Ring
52:42 Heavy Plow
53:46 Two-Man Saw
HABS
6:26 Loom
11:55 Feudal Age
14:14 Gold Mining
18:47 Castle Age
18:02 Bloodlines
17:46 Stone Mining
18:05 Double-Bit Axe
18:31 Horse Collar
26:00 Scale Barding Armor
29:31 Scale Mail Armor
29:45 Forging
32:49 Imperial Age
33:12 Wheelbarrow
32:39 Arson
32:54 Squires
32:40 Gambesons
33:29 Bow Saw
33:00 Cavalier
35:23 Elite Teutonic Knight
36:27 Conscription
42:09 Iron Casting
41:34 Scale Mail Armor
42:00 Pikeman
43:51 Blast Furnace
42:38 Halberdier
45:46 Chain Mail Armor
48:48 Hand Cart
57:26 Ballistics
Lordsville
12:10 Feudal Age
16:10 Castle Age
14:46 Double-Bit Axe
15:08 Gold Mining
15:07 Horse Collar
17:33 Bow Saw
20:19 Imperial Age
36:22 Padded Archer Armor
49:18 Leather Archer Armor
49:10 Loom
49:27 Horse Collar
50:37 Ring Archer Armor
52:05 Wheelbarrow
51:18 Town Watch
53:08 Scale Barding Armor
53:14 Forging
53:08 Heavy Plow
54:35 Husbandry
54:46 Bloodlines
55:01 Chain Barding Armor
55:52 Heavy Camel Rider
Connection lost

Rejoining the realm…

Still unreachable

The connection could not be restored.

Session expired

The server has moved on; the page needs a fresh start.